 Dungeon Crawl Stone Soup version 0.31.0-32-g396128a36d (webtiles) character file.

Game seed: 9880909883059538832

46 Henri the Cudgeller (level 3, -5/23 HPs)
             Began as a Gargoyle Fighter on Apr 4, 2024.
             Slain by Sigmund
             ... wielding a +0 scythe
              (6 damage)
             ... on level 2 of the Dungeon.
             The game lasted 00:02:13 (882 turns).

Henri the Cudgeller (Gargoyle Fighter)               Turns: 882, Time: 00:02:14

Health: -5/23      AC: 10    Str: 21    XL:     3   Next: 66%
Magic:  3/3        EV:  9    Int:  8    God:
Gold:   3          SH:  4    Dex:  9    Spells: 2/2 levels left

rFire   . . .        a - +0 flail
rCold   . . .        c - +0 buckler
rNeg    + . .        b - +0 scale mail
rPois   ∞            (no helmet)
rElec   +            (no cloak)
rCorr   .            (no gloves)
SInv    .            (no boots)
Will    .....        (no amulet) Stlth
                     (no ring)
HPRegen 0.23/turn    (no ring)
MPRegen 0.08/turn

%: no passive effects
@: no status effects
A: sickness immunity, AC +3, negative energy resistance 1, electricity
resistance, torment resistance 1, petrification resistance
a: no special abilities


You were on level 2 of the Dungeon.
You visited 1 branch of the dungeon, and saw 2 of its levels.

You collected 3 gold pieces.

Inventory:

Hand Weapons
 a - a +0 flail (weapon)
Armour
 b - a +0 scale mail (worn)
 c - a +0 buckler (worn)
Scrolls
 e - a scroll of enchant armour {unknown}
 f - 2 scrolls of identify {unknown}
 i - a scroll of vulnerability {unknown}
 j - a scroll of noise {unknown}
Potions
 d - a potion of might
 g - 2 potions of curing {unknown}
 h - 2 potions of haste {unknown}
 k - a potion of enlightenment {unknown}


   Skills:
 - Level 3.3 Fighting
 + Level 3.9 Maces & Flails
 - Level 3.3 Armour
 - Level 3.3 Shields


You had 2 spell levels left.
You didn't know any spells.
Your spell library contained the following spells:

 Spells                   Type           Power      Damage    Failure   Level
 Magic Dart               Conj           0%         1d3       82%         1
 Blink                    Tloc           0%         N/A       91%         2
 Call Imp                 Summ           0%         N/A       91%         2


Dungeon Overview and Level Annotations

Branches:
Dungeon (2/15)

Altars:
Yredelemnul

Annotations:
D:2 Sigmund


Innate Abilities, Weirdness & Mutations

You are immune to sickness and miasma.
Your stone body is resilient. (AC +3)
You are immune to poison.
You resist negative energy. (rN+)
You are resistant to electric shocks. (rElec)
You are resistant to unholy torment.
You are immune to petrification.


Message History

You miss Sigmund. Sigmund hits you but does no damage.
You bump into the rock wall.
Sigmund mumbles some strange words.
Sigmund flickers and vanishes!
Deactivating autopickup; reactivate with Ctrl-A.
Something hits you!
You're too confused to move!
Something hits you.
You feel less confused. Something hits you. You block something's attack.
An endoplasm comes into view.
You are confused.
A puff of flame appears from out of thin air!
The puff of flame hits you.
You hit the endoplasm.
You kill the endoplasm!
You bump into the rock wall.
You hear some strange, mumbled words.
You are more confused.
You hear some strange, mumbled words.
You are more confused.
You bump into the rock wall.
A magic dart appears from out of thin air!
The magic dart hits you but does no damage.
Something hits you.
You bump into the rock wall.
Something hits you.
* * * LOW HITPOINT WARNING * * *
Something hits you.
* * * LOW HITPOINT WARNING * * *
Unknown command.
You bump into the rock wall.
Unknown command.
An adder comes into view.
Something hits you but does no damage.
Unknown command.
You bump into the rock wall.
You feel less confused. Something hits you.
You die...

#.##########.#
#............#
#..#########.#
#..# #.# #..#
#.# #..# #.#
#..# #.# #..#
#.# #@.# #.#
#..# #..# ....
##S.## #..#
#... #...


You could see an adder.

Vanquished Creatures
  An iguana (D:2)
  A dart slug (D:1)
  3 endoplasms
  3 giant cockroaches (D:1)
  A goblin (D:1)
  A hobgoblin (D:1)
  A quokka (D:1)
  A bat (D:1)
  2 kobolds (D:1)
  2 rats (D:1)
16 creatures vanquished.

Notes
Turn   | Place    | Note
-------+----------+-------------------------------------------
     0 | D:1      | Henri the Gargoyle Fighter began the quest for the Orb.
     0 | D:1      | Reached XP level 1. HP: 14/14 MP: 1/1
   184 | D:1      | Found a faded altar of an unknown god.
   190 | D:1      | Reached XP level 2. HP: 19/19 MP: 2/2
   660 | D:2      | Reached XP level 3. HP: 9/23 MP: 3/3
   719 | D:2      | Noticed Sigmund
   747 | D:2      | Found a basalt altar of Yredelemnul.
   878 | D:2      | HP: 1/23 [something (6)]
   882 | D:2      | Slain by Sigmund

Illustrated notes

Levels and vault maps discovered:
D:1:      minmay_arrival_split_and_join, layout_rooms,
          shapermc_ecumenical_altar_venn
D:2:      layout_loops_ring, basic_altar, uniq_natasha, uniq_sigmund

Skill      XL: |  1  2 |
---------------+-------+-----
Maces & Flails | 3 |  3.9
Fighting       | |  3.3
Armour         | |  3.3
Shields        | |  3.3

Action                     || total
---------------------------++-------
  Melee: Flail             ||    50
 Armour: Scale mail        ||    47
  Dodge: Dodged            ||    13
  Block: Buckler           ||     8
